 Dungeon Crawl Stone Soup version 0.26-a0-651-gb41185065b (webtiles) character file.

Game seed: 2490674739245382789

91 muata the Covered (level 4, 0/41 HPs)
             Began as a Minotaur Fighter on Sept 29, 2020.
             Blown up by Ijyb (27 damage)
             ... with a disintegration bolt
             ... on level 3 of the Dungeon.
             The game lasted 00:03:40 (1553 turns).

muata the Covered (Minotaur Fighter)                Turns: 1553, Time: 00:03:40

Health: 0/41       AC:  7    Str: 21    XL:     4   Next: 34%
Magic:  3/3        EV:  7    Int:  5    God:
Gold:   174        SH:  9    Dex: 10    Spells: 3/3 levels left

rFire    . . .     SeeInvis .   a - +0 war axe
rCold    . . .     Faith    .   c - +0 kite shield
rNeg     . . .     Spirit   .   b - +0 scale mail
rPois    .         Reflect  .   (helmet restricted)
rElec    .         Harm     .   (no cloak)
rCorr    .         Rampage  .   (no gloves)
MR       .....                  (no boots)
Stlth    ..........             (no amulet)
HPRegen  0.13/turn              (no ring)
MPRegen  0.08/turn              (no ring)

@: no status effects
A: retaliatory headbutt, horns 2
a: no special abilities


You were on level 3 of the Dungeon.
You visited 1 branch of the dungeon, and saw 3 of its levels.

You collected 174 gold pieces.

Inventory:

Hand Weapons
 a - a +0 war axe (weapon)
Armour
 b - a +0 scale mail (worn)
 c - a +0 kite shield (worn)
Jewellery
 j - an uncursed ring of poison resistance {unknown}
 l - an uncursed ring of protection from fire {unknown}
Scrolls
 f - a scroll of teleportation {unknown}
 g - 6 scrolls of identify {unknown}
 h - a scroll of magic mapping {unknown}
Potions
 d - a potion of might
 e - 2 potions of curing {unknown}
 i - a potion of mutation {unknown}
 k - a potion of brilliance {unknown}
 m - a potion of resistance {unknown}
 n - a potion of haste {unknown}


   Skills:
 + Level 4.4 Fighting
 + Level 3.4 Axes
 + Level 4.5 Armour
 + Level 4.4 Shields


You had 3 spell levels left.
You didn't know any spells.
Your spell library was empty.

Dungeon Overview and Level Annotations

Branches:
Dungeon (3/15)

Altars:

Annotations:
D:3 Ijyb


Innate Abilities, Weirdness & Mutations

You reflexively headbutt those who attack you in melee.
You have a pair of horns on your head.


Message History

You kill the kobold!
You closely miss the hobgoblin. You hit Ijyb. Ijyb barely misses you.
The hobgoblin closely misses you. You furiously retaliate!
You headbutt the hobgoblin.
You kill the hobgoblin!
You block Ijyb's attack.
You barely miss Ijyb.
Ijyb is lightly wounded.
Ijyb barely misses you.
You closely miss Ijyb. You headbutt Ijyb.
Ijyb is moderately wounded.
You block Ijyb's attack.
You hit Ijyb but do no damage.
Ijyb is moderately wounded.
Ijyb hits you but does no damage.
Ijyb zaps a wand.
You are blasted!
You miss Ijyb.
Ijyb is moderately wounded.
Ijyb zaps a wand.
You are blasted!
Ouch! That really hurt!
You die...

... #.# ### #.#
#.. #.# #?# #.#
#.######### #.#
#.#......<#
#.###.#.#######
.#.#.###@....#.#
.......g((.....#
.#.#.#.#########
... #.#. .....
### ##


You could see Ijyb.

Vanquished Creatures
  3 adders (D:2)
  An ooze (D:1)
  A worm (D:2)
  2 dart slugs (D:1)
  3 leopard geckos
  A ball python (D:3)
  7 bats
  2 giant cockroaches (D:2)
  7 hobgoblins
  3 frilled lizards (D:2)
  4 goblins
  7 kobolds
  13 rats
54 creatures vanquished.

Notes
Turn   | Place    | Note
-------+----------+-------------------------------------------
     0 | D:1      | muata the Minotaur Fighter began the quest for the Orb.
     0 | D:1      | Reached XP level 1. HP: 19/19 MP: 0/0
    54 | D:1      | Reached XP level 2. HP: 27/27 MP: 1/1
   487 | D:1      | Reached XP level 3. HP: 33/33 MP: 2/2
   958 | D:2      | Reached XP level 4. HP: 38/41 MP: 3/3
  1542 | D:3      | Noticed Ijyb
  1553 | D:3      | Blown up by Ijyb

Illustrated notes

Levels and vault maps discovered:
D:1:      co_arrival_square_in_a_square_in_a_square, layout_basic,
          minmay_rat_gold_closets
D:2:      layout_basic, minmay_tripent
D:3:      layout_basic, marbit_many_paths, chequers_ecumenical_altar_simple,
          chequers_arboretum, st_stairs_11, minmay_misc_feat_nine_boxes,
          uniq_terence, uniq_ijyb

Skill      XL: |  1  2 |
---------------+-------+-----
Fighting       | 4 |  4.4
Armour         | 4 |  4.5
Shields        | 4 |  4.4
Axes           | 3 |  3.4

Action                   |  1- 3 |  4- 6 || total
-------------------------+-------+-------++-------
Melee: War axe           |    74 |    39 ||   113
       Headbutt          |     9 |     4 ||    13
Armor: Scale mail        |    43 |    15 ||    58
Dodge: Dodged            |    27 |     7 ||    34
Block: Kite shield       |    35 |    33 ||    68

Table legend: (Time is in decaauts)
 A = Elapsed time spent in this place.
 B = Non-inter-level travel time spent in this place.
 C = Inter-level travel time spent in this place.
 D = Time resting spent in this place.
 E = Time spent auto-exploring this place.
 F = Levels seen in this place.
 G = Mean time per level.
                   A        B        C        D        E       F      G
               +--------+--------+--------+--------+--------+-----+--------+
         Total |   1601 |   1565 |     36 |      0 |   1228 |   3 |  533.7 |
       Dungeon |   1601 |   1565 |     36 |      0 |   1228 |   3 |  533.7 |
               +--------+--------+--------+--------+--------+-----+--------+

Top non-repeatable levels by time:
     D:2: 785 daAuts
     D:1: 782 daAuts
     D:3: 33 daAuts
